 Dungeon Crawl Stone Soup version 0.17-a0-146-gd505748 (webtiles) character file.

321130 BluebellGnoll the Sorcerer (level 20, -22/94 HPs)
             Began as a Deep Elf Fire Elementalist on Mar 23, 2015.
             Was the Champion of Sif Muna.
             Shot with an arrow by a deep elf master archer (29 damage)
             ... on level 3 of the Elven Halls on Mar 25, 2015.
             The game lasted 11:28:41 (67971 turns).

BluebellGnoll the Sorcerer (DEFE)                  Turns: 67971, Time: 11:28:41

Health: -22/94     AC: 14    Str:  4 (5)  XL:     20   Next: 64%
Magic:  35/52      EV: 21    Int: 29 (33) God:    Sif Muna [******]
Gold:   1266       SH:  0    Dex: 17      Spells: 15 memorised, 3 levels left

rFire  . . .     SeeInvis .     p - staff of conjuration
rCold  + . .     Clarity  .     b - +3 leather armour {rN+}
rNeg   + . .     SustAb   .     (no shield)
rPois  +         Gourm    +     g - +2 helmet
rElec  .         Spirit   .     B - +0 cloak
rCorr  .         Warding  .     (no gloves)
rMut   .         Stasis   .     Q - +2 pair of boots {Stlth+}
MR     ++...                    c - amulet of the Evening {Gourm rC+ Int+3 Slay+3}
Stlth  ++++++++..               V - ring of poison resistance
                                P - ring of magical power

@: delayed fireball, very resistant to hostile enchantments, extraordinarily
stealthy
A: agile 1, deterioration 1, sense surroundings 1, shaggy fur 1, spit poison 1,
MP-powered wands 1
a: Spit Poison, Channel Energy, Forget Spell, Renounce Religion, Release Delayed
Fireball
}: 2/15 runes: decaying, serpentine


You were on level 3 of the Elven Halls.
You worshipped Sif Muna.
Sif Muna was exalted by your worship.
You were very full.

You visited 9 branches of the dungeon, and saw 43 of its levels.
You visited the Abyss 1 time.
You also visited: Labyrinth, Sewer and Ice Cave.

You collected 4634 gold pieces.
You spent 3368 gold pieces at shops.

Inventory:

Hand weapons
 l - a +9 rapier of electrocution
 w - the +1 blowgun "Twuac" {evade, Int+4}
   (You found it on level 5 of the Snake Pit)

   It affects your evasion (+5 to EV).
   It affects your intelligence (+4).
Missiles
 M - 5 throwing nets (quivered)
 U - 7 curare-tipped needles
Armour
 b - a +3 leather armour of positive energy (worn)
 g - a +2 helmet (worn)
 B - a +0 cloak (worn)
 Q - a +2 pair of boots of stealth (worn)
 W - a +2 robe of resistance
Magical staves
 p - an uncursed staff of conjuration (weapon)
Rods
 z - a +4 lightning rod (14/14)
   (You found it in an ice cave)
Jewellery
 c - the amulet of the Evening (around neck) {Gourm rC+ Int+3 Slay+3}
   (You acquired it on level 6 of the Lair of Beasts)

   [amulet of the gourmand]

   It allows you to eat raw meat even when not hungry.
   It affects your intelligence (+3).
   It affects your accuracy and damage with ranged weapons and melee attacks
   (+3).
   It protects you from cold.
 d - the ring "Puacs" {rElec MR- EV+4 Int+7}
   (You bought it in a shop on level 3 of the Orcish Mines)

   [ring of evasion]

   It affects your evasion (+4).
   It affects your intelligence (+7).
   It insulates you from electricity.
   It affects your resistance to hostile enchantments.
 A - a +6 ring of slaying
 C - an uncursed ring of see invisible
 D - an uncursed ring of protection from cold
 H - an uncursed ring of protection from magic
 J - an uncursed ring of teleportation
 P - a ring of magical power (left hand)
 S - an uncursed ring of protection from fire
 V - a ring of poison resistance (right hand)
 X - an uncursed amulet of regeneration
 Z - an uncursed ring of positive energy
Magical devices
 a - a wand of draining (9)
 i - a wand of paralysis (22)
 N - a wand of teleportation (8)
 O - a wand of digging (5)
 R - a wand of confusion (16)
 Y - a wand of enslavement (17)
Scrolls
 e - 14 scrolls of remove curse
 h - a scroll of blinking
 m - 9 scrolls of fear
 n - 3 scrolls of silence
 q - 13 scrolls of identify
 t - 2 scrolls of recharging
 x - 6 scrolls of fog
 y - 3 scrolls of magic mapping
 E - 11 scrolls of teleportation
 F - 6 scrolls of immolation
Potions
 j - 8 potions of brilliance
 k - a potion of cancellation
 o - 6 potions of flight
 r - 17 potions of curing
 s - 8 potions of might
 u - 3 potions of agility
 v - 2 potions of resistance
 G - 7 potions of haste
 I - 2 potions of heal wounds
 K - 3 potions of berserk rage
Comestibles
 f - 21 meat rations


   Skills:
 - Level 5.5 Short Blades
 - Level 3.7 Throwing
 * Level 15.0 Dodging
 - Level 18.5 Stealth
 * Level 21.5 Spellcasting
 - Level 20.0 Conjurations
 - Level 9.6 Hexes
 - Level 7.9 Charms
 - Level 3.6 Translocations
 - Level 13.6 Fire Magic
 - Level 5.1 Ice Magic
 - Level 8.1 Air Magic
 - Level 4.1 Earth Magic
 - Level 2.7 Invocations
 - Level 4.3 Evocations


You had 3 spell levels left.
You knew the following spells:

 Your Spells              Type           Power        Failure   Level  Hunger
a - Regeneration          Chrm/Necr      ######....   1%          3    None
b - Throw Flame           Conj/Fire      ######       0%          2    None
c - Shroud of Golubria    Chrm/Tloc      ######....   1%          2    None
d - Inner Flame           Hex/Fire       #######.     1%          3    None
e - Sticky Flame          Conj/Fire      ########     1%          4    None
f - Fireball              Conj/Fire      ########..   1%          5    None
g - Mephitic Cloud        Conj/Pois/Air  #######.     1%          3    None
h - Bolt of Magma         Conj/Fire/Erth ########..   1%          5    None
i - Iskenderun's Mystic   Conj           ########     0%          4    None
j - Orb of Destruction    Conj           ########..   1%          7    ###....
k - Iron Shot             Conj/Erth      ########..   2%          6    None
l - Freezing Cloud        Conj/Ice/Air   #######...   3%          6    None
m - Invisibility          Hex            ######..     8%          6    None
n - Delayed Fireball      Conj/Fire      N/A          1%          7    ###....
z - Apportation           Tloc           ######....   1%          1    None


Dungeon Overview and Level Annotations

Branches:
Dungeon (15/15)            Temple (1/1) D:4            Lair (7/8) D:9
  Swamp (5/5) Lair:4        Snake (5/5) Lair:5          Orc (4/4) D:10
    Elf (3/3) Orc:4        Vaults (2/5) D:13         Depths (1/5) D:15
  Slime: Lair:6-8     Crypt: Vaults:2-3

Altars:
Ashenzari
Cheibriados
Dithmenos
Fedhas
Nemelex Xobeh
Qazlal
Ru
Sif Muna
Trog
Vehumet
The Shining One
Beogh

Shops:
D:10 %   Orc:3 =   Orc:4 [(%?:   Elf:3 %   Snake:3 **(?   Snake:5 (
Vaults:1 !

Portals:
Hell: Depths:1

Annotations:
Swamp:5 exclusions: lava snake and 2 more exclusions
Depths:1 Mara


Innate Abilities, Weirdness & Mutations

You are agile. (Dex +2)
Your body is slowly deteriorating.
You passively map a small area around you.
You are covered in fur (AC +1).
You can spit poison.
You expend magic power (3 MP) to slightly strengthen your wands.


Message History

You see here 3 arrows.
The deep elf master archer shoots an arrow.
The arrow hits you!
Found a helmet. 2 deep elf annihilators come into view.
You see here an arrow.
Casting: Orb of Destruction
Confirm with . or Enter, or press ? or * to list all spells.
Aiming: Freezing Cloud
Press: ? - help, Dir - move target cursor You feel a surge of power!
The deep elf annihilator shouts! x2
The deep elf annihilator is engulfed in freezing vapours.
The deep elf annihilator points at you and mumbles some strange words.
The bolt of lightning hits you!
* * * LOW HITPOINT WARNING * * *
The deep elf master archer is engulfed in freezing vapours.
The deep elf master archer shoots an arrow.
The arrow hits you!!
You die...

*,,,,,,,,,,,,,,[#.,,,,,,,,,,,,,,*
,,,,,,,,,,,,,e....e.,,,,,,,,,,,,,
,,,,,,,,,,,,,,.e§..,,,,,,,,,,,,,,
,,,,,,,,,,,,,,.e§§.,,,,,,,,,,,,,,
,,,,,,,,,***,,,§e§,,,***,,,,,,,,,
,,,,,,,*** ***,§§§,*** ***,,,,,,,
**,,,*** **#.#** ***,,,** *****
#§# ***** ##* #@# #.# #(# #.# #.#
#.##.# #.#.# ## ### #..# *** .#
#.# #..# *,* '#####'## #.## ##+##
........## #.# ##...##


You could see a deep elf master archer, 3 deep elf annihilators and a deep elf
sorcerer (wandering).

Vanquished Creatures
  A bone dragon (Abyss:1)
  Vashnia (Snake:2)
  2 deep elf blademasters
  Asterion (Swamp:5)
  2 sphinxes (Depths:1)
  Kirke (Swamp:5)
  A thorn hunter (Swamp:2)
  Frances (Snake:5)
  3 tentacled starspawn (Abyss:1)
  A fire giant (Depths:1)
  2 frost giants
  Donald (Vaults:1)
  An orc warlord (Orc:4)
  7 greater nagas (Snake:5)
  Maud (Lair:4)
  2 deep elf sorcerers
  A balrug (Depths:1)
  2 vault wardens
  4 ironheart preservers
  A stone giant (Vaults:2)
  A very ugly thing (Abyss:1)
  6 rakshasas
  A deep elf demonologist (Elf:2)
  A green death (Abyss:1)
  A minotaur (Lab)
  A yaktaur captain (Vaults:2)
  An ettin (Orc:4)
  A vault guard (D:13)
  Josephine (Orc:2)
  7 fire dragons
  2 great orbs of eyes
  Harold (D:10)
  3 ice dragons
  15 naga warriors
  26 hydras
  4 anacondas
  6 centaur warriors
  2 ghost crabs (Swamp:5)
  A deep troll earth mage (Vaults:2)
  15 dancing weapons (Elf:2)
  4 ogre magi
  2 deep troll shamans
  9 death yaks
  The ghost of Pikaro the Gelid, a powerful MfIE of Vehumet (D:9)
  10 alligators
  3 tengu warriors
  A hell hog (Abyss:1)
  22 naga sharpshooters
  3 orc high priests
  3 shock serpents
  A wretched star (Abyss:1)
  A shadow wraith (Abyss:1)
  3 large abominations (Abyss:1)
  2 fire crabs (shapeshifter) (Depths:1)
  14 deep elf knights
  3 salamander mystics
  2 fire crabs
  3 spriggan druids
  A sea snake (Snake:4)
  10 deep trolls
  4 skeletal warriors (Vaults:2)
  12 deep elf summoners
  A lindwurm (Swamp:5)
  3 starcursed masses (Abyss:1)
  6 swamp dragons
  7 hill giants
  Erolcha (D:10)
  7 unseen horrors
  7 naga ritualists
  3 ice statues (IceCv)
  2 shambling mangroves (Swamp:5)
  2 harpies (Depths:1)
  A giant orange brain (D:15)
  5 mana vipers
  3 ironbrand convokers
  A wolf spider (Vaults:2)
  6 orc knights
  5 orc sorcerers
  15 deep elf conjurers
  3 hornets
  10 griffons
  4 manticores (Depths:1)
  27 ugly things
  13 cyclopes
  A necromancer (Vaults:2)
  18 salamanders
  2 guardian serpents
  2 guardian serpents (shapeshifter)
  Maurice (Orc:2)
  Joseph (Orc:2)
  9 elephants
  A queen ant (Lair:2)
  25 naga magi
  An octopode (shapeshifter) (D:13)
  9 vault sentinels
  A smoke demon (Abyss:1)
  A gargoyle (D:15)
  A dire elephant skeleton (Abyss:1)
  40 black mambas
  Psyche (D:8)
  2 efreet
  17 spiny frogs
  3 komodo dragons
  7 centaur skeletons
  2 hellwings (Depths:1)
  9 fire drakes
  A kobold demonologist (D:15)
  21 yaktaurs
  A troll (shapeshifter) (D:14)
  3 tengu conjurers
  A red devil (Depths:1)
  2 freezing wraiths
  7 trolls
  A polar bear (shapeshifter) (Elf:1)
  4 ancient zymes (Abyss:1)
  10 blink frogs
  11 deep elf priests
  10 giant leeches
  A raiju (Abyss:1)
  14 bog bodies
  A hornet zombie (D:15)
  A stone giant simulacrum (Vaults:2)
  2 centaur simulacra
  15 ravens
  64 slime creatures
  2 boulder beetles
  4 two-headed ogres
  4 baby alligators
  3 wraiths (Orc:2)
  2 basilisks
  2 redbacks
  A flying skull (Abyss:1)
  5 spriggans
  2 shadows
  39 yaks
  4 tarantellas
  4 hogs (Swamp:5)
  Eustachio (D:5)
  30 deep elf magi
  2 vampires
  3 small abominations (Abyss:1)
  2 steam dragons
  3 chaos spawn
  8 hippogriffs
  Grum (D:11)
  A hungry ghost (D:15)
  A human (Swamp:5)
  7 fire bats
  7 wyverns
  16 wolves
  47 deep elf fighters
  25 swamp worms
  22 vampire mosquitoes
  A wyvern (shapeshifter) (D:15)
  3 insubstantial wisps (Swamp:4)
  14 porcupines
  6 wargs
  35 water moccasins
  4 wasps
  8 soldier ants
  4 mottled dragons
  46 orc warriors
  50 nagas
  6 hell hounds (Depths:1)
  10 swamp drakes
  2 black bears
  3 boggarts (Vaults:2)
  22 centaurs
  19 ice beasts
  An eye of draining (D:10)
  21 ogres
  2 boring beetles
  5 sky beasts
  A boring beetle (shapeshifter) (D:15)
  13 crocodiles
  4 phantoms
  Sigmund (D:4)
  11 big kobolds
  A brain worm (shapeshifter) (D:15)
  A gnoll sergeant (D:8)
  20 giant frogs
  5 scorpions
  12 wights
  3 electric eels
  14 killer bees
  3 goliath beetles
  A wasp zombie (D:14)
  14 crimson imps
  3 quasits (Abyss:1)
  A lava snake (Swamp:5)
  2 iron imps (Abyss:1)
  3 centaur zombies
  5 giant frog skeletons
  44 orc priests
  5 jellies
  11 hounds
  29 worker ants
  34 orc wizards
  2 hell rats
  26 sheep
  15 iguanas
  A hound zombie (D:9)
  A mummy (D:12)
  22 gnolls
  68 river rats
  A worker ant zombie (D:9)
  19 adders
  8 shadow imps
  A worm (D:2)
  2 ufetubi (Abyss:1)
  An adder zombie (D:5)
  8 giant geckos
  231 orcs
  6 ball pythons
  3 bat skeletons
  6 giant cockroaches
  31 goblins
  28 hobgoblins
  49 kobolds
  10 quokkas
  24 bats
  5 giant newts
  9 jackals
  63 rats
  2 bushes
  4 fungi
  3 plants
  2 starspawn tentacle segments (Abyss:1)
2104 creatures vanquished.

Vanquished Creatures (others)
  A hydra (Swamp:5)
  2 swamp dragons (Swamp:5)
  A lindwurm (Swamp:5)
  A fire drake (Swamp:5)
  A human (Swamp:5)
  2 steam dragons (Swamp:5)
  2 swamp drakes (Swamp:5)
  A giant gecko (D:6)
  3 fungi
  A plant (D:2)
  2 starspawn tentacles (Abyss:1)
  113 starspawn tentacle segments (Abyss:1)
130 creatures vanquished.

Grand Total: 2234 creatures vanquished

Notes
Turn   | Place    | Note
--------------------------------------------------------------
     0 | D:1      | BluebellGnoll, the Deep Elf Fire Elementalist, began the quest for the Orb.
     0 | D:1      | Reached XP level 1. HP: 10/10 MP: 5/5
   383 | D:1      | Reached skill level 4 in Spellcasting
   383 | D:1      | Reached XP level 2. HP: 6/15 MP: 7/9
   625 | D:1      | Learned a level 2 spell: Throw Flame
  1086 | D:2      | Reached XP level 3. HP: 19/19 MP: 5/13
  1149 | D:2      | Learned a level 3 spell: Conjure Flame
  1181 | D:2      | Reached skill level 5 in Spellcasting
  1580 | D:2      | Found a sparkling altar of Nemelex Xobeh.
  1608 | D:2      | Found a bloodstained altar of Trog.
  1765 | D:2      | Learned a level 3 spell: Inner Flame
  2094 | D:2      | Reached XP level 4. HP: 24/24 MP: 12/17
  2100 | D:2      | Learned a level 4 spell: Sticky Flame
  2664 | D:3      | Found a glowing golden altar of the Shining One.
  2835 | D:3      | Found a glowing drain.
  2851 | D:3      | Reached XP level 5. HP: 26/28 MP: 7/19
  2894 | Sewer    | Entered a sewer
  3412 | Sewer    | Reached XP level 6. HP: 32/32 MP: 14/21
  3689 | Sewer    | Reached skill level 5 in Fire Magic
  3920 | Sewer    | Reached skill level 5 in Conjurations
  3971 | Sewer    | Reached XP level 7. HP: 7/36 MP: 7/22
  4809 | D:3      | Found a deep blue altar of Sif Muna.
  4817 | D:3      | Found a sacrificial altar of Ru.
  4822 | D:3      | Found a shadowy altar of Dithmenos.
  4830 | D:3      | Became a worshipper of Sif Muna the Loreminder
  4978 | D:4      | Reached skill level 6 in Conjurations
  5024 | D:4      | Found a blossoming altar of Fedhas.
  5052 | D:4      | Noticed Sigmund
  5058 | D:4      | Killed Sigmund
  5472 | D:4      | Learned a level 5 spell: Fireball
  5506 | D:4      | Reached skill level 7 in Conjurations
  5555 | D:4      | Found a shattered altar of Ashenzari.
  5602 | D:4      | Found a staircase to the Ecumenical Temple.
  5617 | Temple   | Entered the Ecumenical Temple
  5747 | D:4      | Acquired Sif Muna's first power
  5747 | D:4      | Reached XP level 8. HP: 35/41 MP: 16/25
  6147 | D:5      | Entered Level 5 of the Dungeon
  6385 | D:5      | Noticed Eustachio
  6391 | D:5      | Killed Eustachio
  6391 | D:5      | Reached skill level 8 in Spellcasting
  6457 | D:5      | Acquired Sif Muna's second power
  6629 | D:5      | Got a bloodstained ring mail
  6993 | D:5      | Reached skill level 9 in Spellcasting
  7141 | D:5      | Identified the cursed +1 ring mail of Oreemil {rF+ rC+ Str-3 Slay+4} (You found it on level 5 of the Dungeon)
  7491 | D:6      | Reached XP level 9. HP: 36/45 MP: 24/29
  7599 | D:6      | Found a stormy altar of Qazlal.
  7692 | D:6      | Found a radiant altar of Vehumet.
  8348 | D:7      | Got a distressingly furry ring mail
  8641 | D:7      | Reached skill level 10 in Conjurations
  8847 | D:7      | Reached skill level 5 in Dodging
  9384 | D:8      | Noticed Psyche
  9393 | D:8      | Killed Psyche
  9393 | D:8      | Reached skill level 11 in Conjurations
  9885 | D:8      | Reached XP level 10. HP: 50/50 MP: 21/30
 10249 | D:9      | Acquired Sif Muna's third power
 10404 | D:9      | Found a staircase to the Lair.
 10852 | D:9      | Noticed Pikaro's ghost (powerful MfIE)
 10854 | D:9      | Killed Pikaro's ghost
 10854 | D:9      | Reached skill level 5 in Stealth
 10854 | D:9      | Reached skill level 12 in Conjurations
 11027 | D:9      | Found a snail-covered altar of Cheibriados.
 11049 | D:9      | Reached skill level 1 in Hexes
 11480 | Lair:1   | Entered Level 1 of the Lair of Beasts
 11574 | Lair:1   | Noticed a five-headed hydra
 11581 | Lair:1   | Killed a five-headed hydra
 11581 | Lair:1   | Reached skill level 1 in Short Blades
 11644 | Lair:1   | Reached skill level 10 in Spellcasting
 12040 | Lair:1   | Reached XP level 11. HP: 54/54 MP: 7/32
 12242 | Lair:1   | Learned a level 3 spell: Flight
 12703 | Lair:2   | Reached skill level 1 in Charms
 13574 | Lair:2   | Reached skill level 5 in Charms
 14248 | Lair:3   | Noticed a death yak
 14255 | Lair:3   | Noticed a death yak
 14260 | Lair:3   | Noticed a death yak
 14266 | Lair:3   | Killed a death yak
 14266 | Lair:3   | Reached skill level 1 in Air Magic
 14791 | Lair:3   | Received a gift from Sif Muna
 14822 | Lair:3   | Learned a level 4 spell: Iskenderun's Mystic Blast
 14979 | Lair:2   | Killed a death yak
 15401 | Lair:3   | Reached XP level 12. HP: 59/59 MP: 22/35
 15768 | Lair:3   | Reached skill level 13 in Conjurations
 16485 | Lair:2   | Learned a level 5 spell: Bolt of Magma
 16602 | D:10     | Entered Level 10 of the Dungeon
 16612 | D:10     | Reached skill level 1 in Earth Magic
 16688 | D:10     | Reached skill level 14 in Conjurations
 16739 | D:10     | Found Peptuq's Food Emporium.
 16830 | D:10     | Noticed Harold
 16843 | D:10     | Killed Harold
 16843 | D:10     | Received a gift from Sif Muna
 16890 | D:10     | Identified Sif Muna's Collected Works on Boosting Unholy Magic (Sif Muna gifted it to you on level 10 of the Dungeon)
 16914 | D:10     | Found a staircase to the Orcish Mines.
 17060 | D:10     | Noticed Erolcha
 17074 | D:10     | Killed Erolcha
 17270 | D:10     | Learned a level 3 spell: Regeneration
 17281 | D:10     | Learned a level 7 spell: Orb of Destruction
 17361 | D:10     | Found a roughly hewn altar of Beogh.
 17894 | D:11     | Reached skill level 15 in Conjurations
 19883 | Lair:4   | Noticed Maud
 19913 | Lair:4   | Killed Maud
 19913 | Lair:4   | Reached XP level 13. HP: 63/63 MP: 18/36
 20233 | Lair:4   | Noticed a four-headed hydra
 20237 | Lair:4   | Killed a four-headed hydra
 20483 | Lair:4   | Found a staircase to the Swamp.
 20880 | Lair:2   | Learned a level 5 spell: Fireball
 21527 | D:11     | Noticed Grum
 21574 | D:11     | Killed Grum
 22074 | D:12     | Received a gift from Sif Muna
 22695 | D:13     | Reached skill level 10 in Stealth
 22777 | D:13     | Found a frozen archway.
 22873 | IceCv    | Entered an ice cave
 22875 | IceCv    | Reached skill level 10 in Dodging
 23202 | D:13     | Found a gate to the Vaults.
 24871 | D:11     | Reached XP level 14. HP: 65/68 MP: 23/37
 25614 | Lair:5   | Found a staircase to the Snake Pit.
 26297 | Lair:6   | Found a labyrinth entrance.
 26335 | Lab      | Entered a labyrinth
 26912 | Lair:6   | Reached skill level 1 in Throwing
 27071 | Lair:3   | Killed a death yak
 27160 | Lair:2   | Identified the +3 ring mail "Tweech" {+Inv rF+ Regen+ Stlth-} (You found it on level 7 of the Dungeon)
 27682 | Lair:6   | Identified a scroll of acquirement
 27718 | Lair:6   | Got a scorched ivory amulet
 27720 | Lair:6   | Identified the amulet of the Evening {Gourm rC+ Int+3 Slay+3} (You acquired it on level 6 of the Lair of Beasts)
 28776 | Lair:7   | Learned a level 1 spell: Apportation
 29211 | Lair:7   | Reached skill level 15 in Spellcasting
 29787 | Lair:2   | Upgraded the game from 0.17-a0-125-g34d91a1 to 0.17-a0-129-g9432df0
 29875 | Orc:1    | Entered Level 1 of the Orcish Mines
 30229 | Orc:2    | Noticed Maurice
 30231 | Orc:2    | Killed Maurice
 30253 | Orc:2    | Noticed Josephine
 30255 | Orc:2    | Killed Josephine
 30727 | Orc:2    | Noticed Joseph
 30738 | Orc:2    | Killed Joseph
 31428 | Orc:3    | Found Eram's Jewellery Shoppe.
 31473 | Orc:3    | Bought an uncursed ring of poison resistance for 280 gold pieces
 32029 | Orc:4    | Entered Level 4 of the Orcish Mines
 32133 | Orc:4    | Found a roughly hewn altar of Beogh.
 32377 | Orc:4    | Found a roughly hewn altar of Beogh.
 32377 | Orc:4    | Found Ezaagoek's Book Shoppe.
 32424 | Orc:4    | Received a gift from Sif Muna
 32425 | Orc:4    | Identified Sif Muna's Handbook of Confrontation and Fire (Sif Muna gifted it to you on level 4 of the Orcish Mines)
 32476 | Orc:4    | Bought a book of Clouds for 540 gold pieces
 32480 | Orc:4    | Learned a level 3 spell: Mephitic Cloud
 32604 | Orc:4    | Reached skill level 16 in Spellcasting
 32938 | Orc:4    | Reached XP level 15. HP: 66/72 MP: 18/40
 32982 | Orc:4    | Found a roughly hewn altar of Beogh.
 32990 | Orc:4    | Found Hotifua Thir's Food Emporium.
 33068 | Orc:4    | Found a roughly hewn altar of Beogh.
 33266 | Orc:4    | Noticed an orc warlord
 33571 | Orc:4    | Killed an orc warlord
 34061 | Orc:4    | Found a roughly hewn altar of Beogh.
 34061 | Orc:4    | Found Meotet's Antique Armour Shoppe.
 34064 | Orc:4    | Found Wituigah's Antique Weapon Emporium.
 34086 | Orc:4    | Bought a pair of embroidered boots for 162 gold pieces
 34097 | Orc:4    | Bought a runed helmet for 162 gold pieces
 34249 | Orc:4    | Found a roughly hewn altar of Beogh.
 34298 | Orc:4    | Found Nierinn's Magic Scroll Emporium.
 34311 | Orc:4    | Bought a scroll of identify for 30 gold pieces
 34311 | Orc:4    | Bought a scroll of identify for 30 gold pieces
 34311 | Orc:4    | Bought a scroll of identify for 30 gold pieces
 34311 | Orc:4    | Bought a scroll of fog for 30 gold pieces
 34311 | Orc:4    | Bought a scroll of teleportation for 45 gold pieces
 34311 | Orc:4    | Bought a scroll of fear for 52 gold pieces
 34311 | Orc:4    | Bought a scroll of immolation for 52 gold pieces
 34320 | Orc:4    | Found a staircase to the Elven Halls.
 34828 | Lair:2   | Learned a level 3 spell: Flight
 34892 | Swamp:1  | Entered Level 1 of the Swamp
 34896 | Swamp:1  | Reached skill level 5 in Air Magic
 35918 | Swamp:2  | Got an ebony broad axe
 35974 | Swamp:2  | Noticed a thorn hunter
 36104 | Swamp:2  | Killed a thorn hunter
 36300 | Swamp:2  | Learned a level 6 spell: Freezing Cloud
 36530 | Swamp:1  | Identified the cursed +3 broad axe of Inquiry {chop, rElec MR- Int-2 Dex+2} (You found it on level 2 of the Swamp)
 36696 | Swamp:2  | Received a gift from Sif Muna
 36702 | Swamp:2  | Identified Sif Muna's Collected Works on Enchanting Attacks (Sif Muna gifted it to you on level 2 of the Swamp)
 36705 | Swamp:2  | Reached skill level 1 in Ice Magic
 39206 | Swamp:4  | Reached skill level 17 in Conjurations
 39345 | Swamp:5  | Entered Level 5 of the Swamp
 39444 | Swamp:5  | Noticed Kirke
 39453 | Swamp:5  | Killed Kirke
 39552 | Swamp:5  | Received a gift from Sif Muna
 39553 | Swamp:5  | Identified Sif Muna's Papyrus of Battle Magic (Sif Muna gifted it to you on level 5 of the Swamp)
 39562 | Swamp:5  | Reached XP level 16. HP: 76/76 MP: 10/41
 39966 | Swamp:5  | HP: 1/76 [giant leech (21)]
 40003 | Swamp:5  | Reached skill level 5 in Ice Magic
 40071 | Swamp:5  | Noticed Asterion
 40074 | Swamp:5  | Killed Asterion
 40082 | Swamp:5  | Reached skill level 18 in Conjurations
 40580 | Swamp:5  | Got a fine ring mail
 40755 | Swamp:5  | Identified the cursed +1 ring mail of Perpetual Drought {+Inv rPois MR- Stlth-} (You found it on level 5 of the Swamp)
 41687 | Swamp:5  | Got a decaying rune of Zot
 42316 | Snake:1  | Entered Level 1 of the Snake Pit
 42607 | Lair:2   | Learned a level 6 spell: Deflect Missiles
 42616 | Lair:2   | Learned a level 6 spell: Iron Shot
 44466 | Snake:2  | Noticed Vashnia
 44477 | Snake:2  | Killed Vashnia
 44478 | Snake:2  | Received a gift from Sif Muna
 44489 | Snake:2  | Identified Rien's Incunabulum of the Birds (Sif Muna gifted it to you on level 2 of the Snake Pit)
 44769 | Snake:2  | Reached XP level 17. HP: 80/80 MP: 37/42
 44877 | Snake:2  | Reached skill level 19 in Spellcasting
 44934 | Snake:2  | Reached skill level 1 in Invocations
 45242 | Snake:3  | Found Cuhio's General Store.
 45255 | Snake:3  | Bought a scroll of immolation for 56 gold pieces
 45255 | Snake:3  | Bought a scroll of recharging for 152 gold pieces
 45618 | Snake:3  | Found Hemuamon's Assorted Antiques.
 45720 | Snake:3  | Found Tankow's Antique Weapon Boutique.
 45728 | Snake:3  | Bought a faintly glowing short sword for 224 gold pieces
 45732 | Snake:3  | Identified the cursed +1 short sword of the Lair of Beasts {pierce, -Tele rElec Dex+7} (You bought it in a shop on level 3 of the Snake Pit)
 46338 | Snake:3  | Found Gixtan's Magic Scroll Shoppe.
 46345 | Snake:3  | Bought a scroll of identify for 36 gold pieces
 46345 | Snake:3  | Bought a scroll of identify for 36 gold pieces
 46345 | Snake:3  | Bought a scroll of identify for 36 gold pieces
 46345 | Snake:3  | Bought a scroll of teleportation for 54 gold pieces
 46345 | Snake:3  | Bought a scroll of teleportation for 54 gold pieces
 46345 | Snake:3  | Bought a scroll of fog for 36 gold pieces
 46345 | Snake:3  | Bought a scroll of identify for 36 gold pieces
 47077 | Orc:3    | Bought the ring "Puacs" {rElec MR- EV+4 Int+7} for 847 gold pieces
 47448 | Snake:4  | Reached skill level 15 in Dodging
 47536 | Snake:4  | Reached skill level 1 in Translocations
 48730 | Snake:5  | Entered Level 5 of the Snake Pit
 48842 | Snake:5  | Found Javomo's Weapon Shop.
 49007 | Snake:5  | Reached skill level 20 in Spellcasting
 49624 | Snake:5  | Got a crude blowgun
 49654 | Snake:5  | Reached skill level 15 in Stealth
 49717 | Snake:5  | Noticed Frances
 49768 | Snake:5  | Killed Frances
 49897 | Snake:5  | Reached skill level 5 in Short Blades
 50257 | Snake:5  | Reached XP level 18. HP: 71/85 MP: 31/43
 50563 | Snake:5  | Got a serpentine rune of Zot
 51159 | Lair:2   | Identified the cursed +1 blowgun "Twuac" {evade, Int+4} (You found it on level 5 of the Snake Pit)
 51359 | Snake:3  | Bought a runed rapier for 112 gold pieces
 51814 | Lair:2   | Learned a level 6 spell: Deflect Missiles
 51819 | Lair:2   | Learned a level 2 spell: Shroud of Golubria
 51826 | Lair:2   | Learned a level 6 spell: Invisibility
 52014 | Elf:1    | Entered Level 1 of the Elven Halls
 52017 | Elf:1    | Reached skill level 5 in Hexes
 52115 | Orc:2    | Upgraded the game from 0.17-a0-129-g9432df0 to 0.17-a0-146-gd505748
 52116 | Orc:2    | Received a gift from Sif Muna
 52117 | Orc:2    | Identified Sif Muna's Intricacies of Theurgy (Sif Muna gifted it to you on level 2 of the Orcish Mines)
 52320 | Vaults:1 | Entered Level 1 of the Vaults
 53615 | D:15     | Entered Level 15 of the Dungeon
 54380 | D:15     | Found a staircase to the Depths.
 55283 | Depths:1 | Entered Level 1 of the Depths
 55483 | Depths:1 | Got a dazzling demon blade
 55499 | Depths:1 | Found a gateway to Hell.
 55662 | Depths:1 | Received a gift from Sif Muna
 55663 | Depths:1 | Identified Sif Muna's Handbook of Assistive Curses (Sif Muna gifted it to you on level 1 of the Depths)
 56143 | Depths:1 | Noticed Mara
 56684 | Vaults:1 | Reached skill level 1 in Evocations
 56684 | Vaults:1 | Reached XP level 19. HP: 76/89 MP: 4/44
 57637 | Vaults:1 | Noticed Donald
 57652 | Vaults:1 | Killed Donald
 57741 | Vaults:1 | Found Adoicax's Distillery.
 57747 | Vaults:1 | Bought a potion of cancellation for 96 gold pieces
 57747 | Vaults:1 | Bought a potion of heal wounds for 60 gold pieces
 57747 | Vaults:1 | Bought a potion of haste for 120 gold pieces
 58005 | Vaults:1 | Reached skill level 21 in Spellcasting
 58498 | Vaults:2 | Found a bloodstained altar of Trog.
 58601 | Vaults:2 | Received a gift from Sif Muna
 58602 | Vaults:2 | Identified Sif Muna's Lost Catalogue of the Blind Seer (Sif Muna gifted it to you on level 2 of the Vaults)
 58635 | Vaults:2 | Learned a level 7 spell: Delayed Fireball
 58810 | Vaults:2 | Paralysed by a great orb of eyes for 6 turns
 60547 | D:13     | Identified the +6 demon blade "Ugexiuf" {flame, +Rage rElec rF+} (You took it off a balrug on level 1 of the Depths)
 60936 | Vaults:2 | Reached skill level 10 in Fire Magic
 60957 | Vaults:2 | Received a gift from Sif Muna
 60958 | Vaults:2 | Identified Sif Muna's Papyrus of Feathery Boosts (Sif Muna gifted it to you on level 2 of the Vaults)
 61602 | Vaults:2 | Gained mutation: You are agile. (Dex +2) [mutagenic meat]
 61603 | Vaults:2 | Gained mutation: Armour fits poorly on your strangely shaped body. [mutagenic meat]
 62365 | Elf:1    | Gained mutation: Your body is slowly deteriorating. [mutagenic meat]
 62367 | Elf:1    | Gained mutation: You expend magic power (3 MP) to slightly strengthen your wands. [mutagenic meat]
 62479 | Elf:1    | Lost mutation: Armour fits poorly on your strangely shaped body. [potion of mutation]
 62479 | Elf:1    | Gained mutation: You can spit poison. [potion of mutation]
 62479 | Elf:1    | Gained mutation: You are covered in fur (AC +1). [potion of mutation]
 62674 | Elf:1    | Identified the Almanac of the Entourage and Attacks (You found it on level 1 of the Elven Halls)
 63955 | Elf:2    | Reached XP level 20. HP: 34/94 MP: 39/45
 64273 | Elf:2    | Found a huge runed gate.
 64273 | Elf:2    | Found a huge runed gate.
 64273 | Elf:2    | Found a huge runed gate.
 64274 | Elf:2    | Found a huge runed gate.
 64275 | Elf:2    | Found a huge runed gate.
 64491 | Elf:2    | Gained mutation: You passively map a small area around you. [mutagenic meat]
 65145 | Elf:2    | Received a gift from Sif Muna
 65594 | Elf:3    | Entered Level 3 of the Elven Halls
 65597 | Elf:3    | Found Ysmuwafoa's Food Shoppe.
 66077 | Elf:3    | Cast into the Abyss (a deep elf sorcerer)
 66329 | Abyss:1  | Found a blossoming altar of Fedhas.
 66861 | Abyss:1  | Found a blossoming altar of Fedhas.
 66875 | Abyss:1  | Found a blossoming altar of Fedhas.
 67338 | Abyss:1  | Found a corrupted altar of Lugonu.
 67518 | Elf:3    | Escaped the Abyss
 67520 | Elf:3    | Received a gift from Sif Muna
 67521 | Elf:3    | Identified Sif Muna's Collected Works on Attacks (Sif Muna gifted it to you on level 3 of the Elven Halls)
 67971 | Elf:3    | Shot with an arrow by a deep elf master archer

Action                   |  1- 3 |  4- 6 |  7- 9 | 10-12 | 13-15 | 16-18 | 19-21 || total
-------------------------+-------+-------+-------+-------+-------+-------+-------++-------
Melee: Short sword       |    21 |       |     8 |       |       |     1 |       ||    30
       Dagger            |     7 |     7 |    83 |    75 |    11 |     1 |       ||   184
       Staff             |       |       |       |       |    22 |     1 |       ||    23
       Rapier            |       |       |       |       |       |    42 |   213 ||   255
 Fire: Blowgun           |       |       |       |       |     6 |       |       ||     6
Throw: Throwing net      |       |       |       |       |       |     1 |       ||     1
 Cast: Flame Tongue      |    45 |   108 |   174 |   315 |   141 |       |       ||   783
       Throw Flame       |    11 |    34 |   123 |   285 |   362 |    37 |       ||   852
       Conjure Flame     |       |     6 |     5 |    14 |    13 |       |       ||    38
       Sticky Flame      |       |     5 |    17 |    30 |    31 |     7 |     5 ||    95
       Fireball          |       |       |     8 |    64 |    88 |    18 |    34 ||   212
       Inner Flame       |       |       |     1 |     6 |     6 |       |       ||    13
       Iskenderun's Myst |       |       |       |    66 |   452 |   325 |   111 ||   954
       Orb of Destructio |       |       |       |     7 |   113 |   146 |    77 ||   343
       Bolt of Magma     |       |       |       |     3 |    27 |    12 |     8 ||    50
       Regeneration      |       |       |       |       |    11 |    34 |    36 ||    81
       Apportation       |       |       |       |       |    87 |   136 |    91 ||   314
       Flight            |       |       |       |       |    38 |    17 |       ||    55
       Mephitic Cloud    |       |       |       |       |     5 |    16 |    89 ||   110
       Freezing Cloud    |       |       |       |       |     2 |    95 |    37 ||   134
       Iron Shot         |       |       |       |       |       |   159 |   145 ||   304
       Deflect Missiles  |       |       |       |       |       |     2 |       ||     2
       Shroud of Golubri |       |       |       |       |       |    13 |    13 ||    26
       Invisibility      |       |       |       |       |       |       |     1 ||     1
       Delayed Fireball  |       |       |       |       |       |       |     1 ||     1
Invok: Channel Energy    |       |       |    97 |   523 |  1349 |  1670 |   945 ||  4584
       Forget Spell      |       |       |       |     2 |     2 |     3 |       ||     7
Evoke: Wand              |       |       |       |     2 |     2 |     3 |     2 ||     9
       Rod               |       |       |       |       |       |     4 |       ||     4
  Use: Scroll            |       |     2 |    14 |    10 |    28 |    21 |     5 ||    80
       Potion            |       |       |     2 |     1 |     2 |     4 |     4 ||    13
 Stab: Sleeping          |     4 |       |    15 |     3 |     2 |    14 |    24 ||    62
       Distracted        |       |       |       |       |     3 |       |       ||     3
       Confused          |       |       |       |       |       |     4 |    24 ||    28
       Invisible         |       |       |       |       |       |       |     6 ||     6
  Eat: Chunk             |     3 |     7 |    33 |   111 |   288 |   316 |   165 ||   923
       Pizza             |       |       |     1 |     1 |       |       |       ||     2
       Fruit             |       |       |       |     6 |       |       |       ||     6
       Royal jelly       |       |       |       |     1 |       |       |       ||     1
       Meat ration       |       |       |       |       |     1 |       |     4 ||     5
       Bread ration      |       |       |       |       |     3 |       |     1 ||     4
       Beef jerky        |       |       |       |       |       |     2 |       ||     2
